AoeStats
← Hitokirivan

Arena

510317498Analyzed
2v2 RM · 3d ago on Sep 30, 2026· 38m 45s· 4 players
Game mode
Random Map
Map size
Medium (4 player)
Population
200
Speed
Normal
Resources
Standard
Victory
Conquest
Starting age
Dark Age
Ending age
Imperial Age
RankedLock teamsTeams togetherTeam positionsShared explorationLock speedFull tech treeHidden civsTurbo modeCheats
Victory
Defeat
🇨🇳 Spanish · China
1172
+13
🇵🇱 Vikings · Poland
1133
+15
🇵🇪 Cumans · Peru
1149
-16
🇵🇪 Huns · Peru
1064
-12
Bodziu
0:26 Loom
12:23 Feudal Age
18:00 Castle Age
17:25 Scale Mail Armor
18:43 Forging
19:35 Chain Mail Armor
19:48 Squires
20:12 Arson
20:48 Horse Collar
26:36 Iron Casting
33:46 Imperial Age
31:10 Gold Mining
32:38 Gold Shaft Mining
31:57 Double-Bit Axe
33:47 Elite Varangian Guard
35:09 Plate Mail Armor
39:45 Blast Furnace
cottage
10:33 Feudal Age
11:30 Loom
14:14 Castle Age
14:05 Man-at-Arms
35:33 Padded Archer Armor
36:32 Fletching
37:48 Wheelbarrow
38:35 Horse Collar
RafaelKubo
10:39 Feudal Age
11:05 Double-Bit Axe
11:11 Gold Mining
11:34 Loom
24:16 Wheelbarrow
26:48 Castle Age
26:54 Castle Age
25:07 Stone Mining
25:53 Forging
26:04 Bloodlines
26:36 Scale Barding Armor
26:22 Fletching
27:08 Bloodlines
34:35 Horse Collar
35:11 Town Watch
36:25 Iron Casting
Hitokirivan
5:21 Loom
7:17 Loom
9:34 Feudal Age
11:42 Double-Bit Axe
17:05 Fletching
22:11 Castle Age
20:44 Horse Collar
21:20 Padded Archer Armor
22:18 Crossbowman
22:58 Bodkin Arrow
23:14 Thumb Ring
25:34 Town Watch
25:51 Gold Mining
27:12 Gold Shaft Mining
26:40 Heavy Plow
27:28 Leather Archer Armor
28:20 Bow Saw
30:02 Wheelbarrow
31:07 Ballistics
37:14 Imperial Age
35:03 Leather Archer Armor
36:58 Town Watch
37:30 Hand Cart
39:53 Chemistry
39:04 Masonry
Connection lost

Rejoining the realm…

Still unreachable

The connection could not be restored.

Session expired

The server has moved on; the page needs a fresh start.